 Dungeon Crawl Stone Soup version 0.13.0-19-g8e0b589 (webtiles) character file.

374 Malachi the Cudgeler (level 5, -1/42 HPs)
             Began as a Mummy Fighter on Oct 24, 2013.
             Slain by Blork the orc
             ... wielding a +2,+3 orcish flail
              (9 damage)
             ... on Level 4 of the Dungeon.
             The game lasted 00:05:22 (3393 turns).

Malachi the Cudgeler (Mummy Fighter)                Turns: 3393, Time: 00:05:22

HP  -1/42        AC  7     Str 20      XL: 5   Next: 95%
MP   4/4         EV  6     Int  7      God:
Gold 115         SH 19     Dex 11      Spells:  0 memorised,  4 levels left

Res.Fire  : x . .   See Invis. : .   h - +0,+2 whip (venom)
Res.Cold  : + . .   Warding    : .   b - +0 scale mail
Life Prot.: + + +   Conserve   : .   c - +1 shield
Res.Poison: +       Res.Corr.  : .   (no helmet)
Res.Elec. : .       Clarity    : .   m - +0 cloak
Sust.Abil.: . .     Spirit.Shd : .   (no gloves)
Res.Mut.  : .       Stasis     : .   (no boots)
Res.Rott. : +       Flight     : .   (no amulet)
Saprovore : . . .                    (no ring)
                                     (no ring)

@: slightly resistant to hostile enchantments, extremely unstealthy
A: no food or potions, fire vulnerability, restore body, cold resistance 1, life
protection 3, poison resistance, torment resistance, unbreathing
a: no special abilities


You were on level 4 of the Dungeon.
You were not hungry.

You visited 1 branch of the dungeon, and saw 4 of its levels.

You collected 95 gold pieces.

Inventory:

Hand weapons
 a - a +0,+0 mace
 f - a +0,+1 orcish morningstar
 h - a +0,+2 whip of venom (weapon)
Armour
 b - a +0 scale mail (worn)
 c - a +1 shield (worn)
 m - a +0 cloak (worn)
Magical devices
 j - a wand of draining (0)
 l - a wand of frost (1)
Scrolls
 d - 5 scrolls of identify
 g - 3 scrolls of remove curse


   Skills:
 + Level 3.2 Fighting
 * Level 5.0 Maces & Flails
 + Level 2.4 Armour
 + Level 0.3 Stealth
 + Level 2.6 Shields


You had 4 spell levels left.
You didn't know any spells.

Dungeon Overview and Level Annotations

Branches:
Dungeon (4/27)
 Temple: D:4-7

Altars:
Ashenzari
Nemelex Xobeh
Xom

Annotations:
D:4 Blork the orc


Innate Abilities, Weirdness & Mutations

You do not eat or drink.
Your flesh is vulnerable to fire.
Your flesh is cold resistant.
You are immune to negative energy.
Your system is resistant to poisons.
You are immune to unholy pain and torment.
You can survive without breathing.


Message History

The magic dart hits you!
* * * LOW HITPOINT WARNING * * *
You are too injured to fight recklessly!
Evoke which item? (* to show all) (? for menu, Esc to quit)
Zapping:
j - a wand of draining {zapped: 4}
Press: ? - help, Shift-Dir - straight line, f - Blork the orc
Aim: Blork the orc, wielding an orcish flail and wearing an orcish robe (severely wounded, poisoned, moving very quickly) Nothing appears to happen.
Blork the orc becomes somewhat translucent.
Blork the orc points at you and mumbles some strange words.
The magic dart hits you!
* * * LOW HITPOINT WARNING * * *
Evoke which item? (* to show all) (? for menu, Esc to quit)
Okay, then.
You are too injured to fight recklessly!
You are too injured to fight recklessly!
You closely miss Blork the orc.
Blork the orc is severely wounded.
Blork the orc hits you with an orcish flail!
You die...

#+##### ### ##
##......#######.......
#.#.#.#.#.#.#.#.#......
.............<....o..
#.#.#.#.#.#.#.#.#..
.................#
#.#.#.#.#.#.#.#o##
.......%........@#
#[#.#.#.#.#.#.#.##
#!.#.##########
##.#.#### #......#
####......# #.........#
..##......#
####........


You could see Blork the orc.

Vanquished Creatures
  Crazy Yiuf (D:3)
  An orc priest (D:3)
  An iguana (D:4)
  Ijyb (D:3)
  5 adders
  2 worms (D:3)
  2 oozes
  11 orcs (D:3)
  5 giant cockroaches
  14 goblins
  14 hobgoblins
  6 jackals
  6 kobolds
  8 bats
  A giant newt (D:2)
  9 rats
87 creatures vanquished.

Vanquished Creatures (others)
  2 plants (D:3)
2 creatures vanquished.

Grand Total: 89 creatures vanquished

Notes
Turn   | Place    | Note
--------------------------------------------------------------
     0 | D:1      | Malachi, the Mummy Fighter, began the quest for the Orb.
     0 | D:1      | Reached XP level 1. HP: 18/18 MP: 0/0
   172 | D:1      | Reached XP level 2. HP: 22/24 MP: 1/1
   656 | D:1      | Reached XP level 3. HP: 25/30 MP: 2/2
  1209 | D:3      | Reached XP level 4. HP: 4/36 MP: 3/3
  2146 | D:3      | Found a shattered altar of Ashenzari.
  2152 | D:3      | Saw a vision of the Swamp and the Snake Pit.
  2152 | D:3      | Noticed a black mamba
  2152 | D:3      | Noticed a water moccasin
  2152 | D:3      | Noticed a water moccasin
  2152 | D:3      | Noticed an alligator
  2152 | D:3      | Noticed an alligator
  2152 | D:3      | Noticed a baby alligator
  2152 | D:3      | Noticed an alligator
  2153 | D:3      | Noticed a naga
  2153 | D:3      | Noticed a baby alligator
  2153 | D:3      | Noticed a black mamba
  2386 | D:3      | Reached skill level 4 in Maces & Flails
  2435 | D:3      | Reached XP level 5. HP: 30/42 MP: 4/4
  2518 | D:3      | Found a sparkling altar of Nemelex Xobeh.
  2518 | D:3      | Found a shimmering altar of Xom.
  2552 | D:3      | Noticed Ijyb
  2562 | D:3      | Killed Ijyb
  3037 | D:3      | Noticed Crazy Yiuf
  3045 | D:3      | Killed Crazy Yiuf
  3192 | D:4      | Reached skill level 5 in Maces & Flails
  3375 | D:4      | Noticed Blork the orc
  3393 | D:4      | Slain by Blork the orc

Action                   |  1- 3 |  4- 6 || total
-------------------------+-------+-------++-------
Melee: Mace              |    82 |       ||    82
       Whip              |    64 |   200 ||   264
  Use: Scroll            |     4 |     3 ||     7
